AoeStats
← 帝国的铁汉

Migration

508845948Analyzed
1v1 RM · 8d ago on Sep 24, 2026· 29m 14s· 2 players
Game mode
Random Map
Map size
132×132
Population
200
Speed
Normal
Resources
Standard
Victory
Conquest
Starting age
Dark Age
Ending age
Imperial Age
RankedLock teamsTeams togetherTeam positionsShared explorationLock speedFull tech treeHidden civsTurbo modeCheats
Victory
Defeat
🇮🇳 Varangians · India
1667
+16
🇨🇳 Varangians · China
1666
-16
帝国的铁汉
11:04 Feudal Age
15:12 Castle Age
13:35 Loom
13:43 Double-Bit Axe
16:38 Squires
16:41 Scale Mail Armor
18:56 Town Watch
18:56 Fishing Lines
19:31 Fletching
23:25 Ballistics
23:54 Bodkin Arrow
anmolmaly
3:46 Loom
12:47 Feudal Age
13:23 Double-Bit Axe
13:26 Fishing Lines
16:14 Castle Age
14:27 Gold Mining
14:33 Fletching
17:07 Bow Saw
17:25 Bodkin Arrow
18:37 Careening
18:43 Clinker Construction
22:34 Imperial Age
21:05 Ballistics
22:54 Elite Longship
24:53 Chemistry
25:13 Bracer
28:49 Medium Warships
Connection lost

Rejoining the realm…

Still unreachable

The connection could not be restored.

Session expired

The server has moved on; the page needs a fresh start.